 Dungeon Crawl Stone Soup version 0.30.1-11-g7821555f0a (webtiles) character file.

Game seed: 11411858440193882638

65 bnorton916 the Firebug (level 3, -1/19 HPs)
             Began as a Deep Elf Fire Elementalist on Dec 3, 2023.
             Slain by a black bear (5 damage)
             ... on level 3 of the Dungeon.
             The game lasted 00:02:06 (3083 turns).

bnorton916 the Firebug (Deep Elf Fire Elementalist) Turns: 3083, Time: 00:02:07

Health: -1/19      AC:  3    Str:  5    XL:     3   Next: 94%
Magic:  6/10       EV: 12    Int: 21    God:
Gold:   143        SH:  0    Dex: 15    Spells: 7/10 levels left

rFire   . . .        (no weapon)
rCold   . . .        (no shield)
rNeg    . . .        a - +0 robe
rPois   .            k - +0 helmet
rElec   .            (no cloak)
rCorr   .            (no gloves)
SInv    .            (no boots)
Will    .....        (no amulet)
Stlth   ++           (no ring)
HPRegen 0.23/turn    (no ring)
MPRegen 0.12/turn

%: no passive effects
@: no status effects
A: no striking features
a: no special abilities


You were on level 3 of the Dungeon.
You visited 1 branch of the dungeon, and saw 3 of its levels.

You collected 143 gold pieces.

Inventory:

Hand Weapons
 o - a +0 dagger of venom
Missiles
 g - 5 javelins
 m - 3 poisoned darts
Armour
 a - a +0 robe (worn)
 h - a +0 buckler
 k - a +0 helmet (worn)
Jewellery
 n - a ring of protection from cold
Scrolls
 d - a scroll of noise {unknown}
 e - a scroll of enchant armour {unknown}
 f - 2 scrolls of teleportation {unknown}
 i - a scroll of fear {unknown}
 j - a scroll of identify {unknown}
 l - a scroll of magic mapping {unknown}
 p - a scroll of immolation {unknown}
Potions
 b - a potion of magic
 c - 2 potions of haste {unknown}


   Skills:
 - Level 2.4 Dodging
 - Level 2.4 Stealth
 + Level 4.1 Spellcasting
 + Level 2.5 Conjurations
 + Level 4.1 Fire Magic


You had 7 spell levels left.
You knew the following spells:

 Your Spells              Type           Power      Damage    Failure   Level
a - Foxfire               Conj/Fire      72%        2x1d7     3%          1
b - Scorch                Fire           42%        2d7       3%          2

Your spell library contained the following spells:

 Spells                   Type           Power      Damage    Failure   Level
 Inner Flame              Hex/Fire       13%        N/A       16%         3
 Volatile Blastmotes      Fire/Tloc      26%        2d12      16%         3
 Flame Wave               Conj/Fire      18%        2d7       30%         4


Dungeon Overview and Level Annotations

Branches:
Dungeon (3/15)

Altars:
Yredelemnul


Message History

You conjure some foxfire!
Casting: Foxfire (safe; 3% risk of failure)
Confirm with . or Enter, or press ? or * to list all spells.
You conjure some foxfire!
The foxfire hits the black bear.
The black bear is moderately wounded.
The black bear growls angrily.
Your foxfire dissipates!
The foxfire hits the black bear.
The black bear is heavily wounded.
Casting: Foxfire (safe; 3% risk of failure)
Confirm with . or Enter, or press ? or * to list all spells.
You conjure some foxfire!
The foxfire hits the black bear but does no damage.
The black bear is heavily wounded.
The foxfire hits the black bear but does no damage.
The black bear is moderately wounded.
A jackal comes into view.
The foxfire hits the black bear.
The black bear is heavily wounded.
Casting: Foxfire (safe; 3% risk of failure)
Confirm with . or Enter, or press ? or * to list all spells.
You conjure some foxfire!
The foxfire hits the black bear.
The black bear is severely wounded.
The foxfire hits the black bear.
The black bear is severely wounded.
The black bear goes berserk!
A jackal comes into view.
Casting: Foxfire (safe; 3% risk of failure)
Confirm with . or Enter, or press ? or * to list all spells.
You conjure some foxfire!
The black bear bites you. The black bear claws you.
The black bear barely misses you.
The foxfire hits the black bear.
The black bear is almost dead.
The foxfire hits the black bear.
The black bear is almost dead.
The black bear bites you!
* * * LOW HITPOINT WARNING * * *
The black bear claws you.
You die...

############
#..........#
#..........#
#..........#
#..........#
#..........#####
#...............
#§..............
#@..............
#.h.............
#....h....<.......
..#..#h....#...##..
# ##.#.#.#..##..#
#.....†#.. )...
.......#### #..
#........ #
#.......


You could see a black bear (berserk) and 2 jackals.

Vanquished Creatures
  An adder (D:2)
  2 worms (D:2)
  2 dart slugs (D:2)
  3 orcs (D:3)
  7 ball pythons
  3 endoplasms
  A giant cockroach (D:1)
  4 hobgoblins
  A jackal (D:3)
  2 bats (D:2)
  4 frilled lizards
  5 goblins
  4 kobolds
  5 rats
44 creatures vanquished.

Vanquished Creatures (collateral kills)
  A foxfire (D:1)
1 creature vanquished.

Vanquished Creatures (others)
  223 foxfires
223 creatures vanquished.

Grand Total: 268 creatures vanquished

Notes
Turn   | Place    | Note
-------+----------+-------------------------------------------
     0 | D:1      | bnorton916 the Deep Elf Fire Elementalist began the quest
                  | for the Orb.
     0 | D:1      | Reached XP level 1. HP: 10/10 MP: 6/6
   516 | D:1      | Reached XP level 2. HP: 15/15 MP: 5/8
  1440 | D:2      | Found a basalt altar of Yredelemnul.
  1623 | D:2      | Found a faded altar of an unknown god.
  2200 | D:2      | Reached XP level 3. HP: 6/19 MP: 2/10
  2419 | D:2      | Learned a level 2 spell: Scorch
  3073 | D:3      | Noticed a black bear
  3083 | D:3      | Slain by a black bear

Illustrated notes

Levels and vault maps discovered:
D:1:      heliophobic_arrival_dark_side_of_the_moon, layout_basic,
          minmay_misc_feat_rows, chequers_serial_rivers_large_b,
          serial_bayou_pond_b
D:2:      layout_basic, basic_altar, basic_ecumenical_altar, minmay_circle_x
D:3:      layout_rooms, nicolae_qazlal_general_emergency,
          grunt_dithmenos_smoke_and_mirrors, amcnicky_altar_gilded,
          hangedman_decor_points

Skill      XL: |  1  2  3 |
---------------+----------+-----
Conjurations   | 2 |  2.5
Fire Magic     | 4 |  4.1
Spellcasting   | 4 |  4.1
Dodging        | |  2.4
Stealth        | |  2.4

Action                     || total
---------------------------++-------
   Cast: Foxfire           ||   134
         Scorch            ||     5
  Dodge: Dodged            ||     5
